Connexion

FLORIDA Panthers vs BOSTON Bruins

Created - 1 mai 2024 at 07:59

Goals
1 2 3 T
FLORIDA Panthers 1 0 0 1
BOSTON Bruins 1 2 1 4
Shots
1 2 3 T
FLORIDA Panthers 9 12 8 29
BOSTON Bruins 12 14 9 35

GoalsPenalties
1st period
1. BOSTON Bruins , Andre Burakovsky 4 (Rasmus Andersson 3, Kaapo Kakko 3) at 5:55 (PP)
2. FLORIDA Panthers , Justin Scott 5 (Cody Eakin 4, Jared Spurgeon 12) at 17:42
Cody Eakin (FLO) for Tripping (Minor) at 4:11
Ryan Carpenter (BOS) for Slashing (Minor) at 17:43
2nd period
3. BOSTON Bruins , Henri Jokiharju 1 (Ryan Carpenter 2, Matt Grzelcyk 4) at 4:38
4. BOSTON Bruins , Elias Pettersson 4 (Adam Boqvist 9, Rasmus Andersson 4) at 12:39 (PP)
Barclay Goodrow (FLO) for Tripping (Minor) at 11:30
3rd period
5. BOSTON Bruins , Andre Burakovsky 5 (Matt Grzelcyk 5, Elias Pettersson 5) at 11:20
No Penalty
Goalie Stats
Petr Mrazek (FLO), 31 saves from 35 shots - (0,886), L, 5-4-0, 60:00 minutes
Jacob Markstrom (BOS), 28 saves from 29 shots - (0,966), W, 7-2-0, 60:00 minutes
3 StarsOfficial
1 - Andre Burakovsky (BOS)
2 - Elias Pettersson (BOS)
3 - Henri Jokiharju (BOS)
Referees : Rob Shick and Dan O'Halloran
Linesman : Derek Amell and Brad Lazarowich
Game Note
No Game Note
Finance
Level 1 -- Attendance: 6000 (100,00%) -- Ticket Income $810,000
Level 2 -- Attendance: 4565 (100,00%) -- Ticket Income $502,150
Level 3 -- Attendance: 2000 (100,00%) -- Ticket Income $110,000
Level 4 -- Attendance: 4000 (100,00%) -- Ticket Income $140,000
Luxury Box -- Attendance: 1000 (100,00%) -- Ticket Income $230,000
Game was played at the TD Garden.
Total Attendance: 17565 (100,00%)
Total Ticket Income: $1,792,150
Other Income: $358,430
Total Income: $2,150,580



Team Name Goals Shots Shots Attemp Shots Blocked PIM HIT PP PK FO%
FLORIDA Panthers 1296294180 / 1 (0%)261%
BOSTON Bruins 43560122142 / 2 (100%)039%

FLORIDA Panthers
Player Name POS G A P +/- PIM HIT SHT SB MP PP MP PP SHT PK MP PK SHT FO% FOT
Barclay GoodrowLW/RW000-1201014:100:0000:0000% 0
Carter VerhaegheC/RW0000022019:380:0000:00050% 4
Cody EakinC/LW011-1204014:100:0000:00067% 21
Ian ColeD0000002318:460:5701:2000% 0
Jacob TroubaD000-2020115:240:0000:0000% 0
Jared Spurgeon D0111001125:501:0201:3300% 0
Justin ScottC/LW/RW101-1002016:071:0200:54067% 3
Kiril KaprizovLW0000014021:300:5701:59050% 2
Mario FerraroD0000000318:460:5701:2000% 0
Mark ScheifeleC0000014021:300:5701:59068% 31
Michael BuntingLW000000002:450:0000:000100% 1
Mikael BacklundC/LW0000033021:341:0200:54050% 22
Morgan GeekieC000001002:450:0000:00060% 5
Nikita ZadorovD000-2040015:240:0000:0000% 0
Nikolay GoldobinLW/RW0000001023:200:5700:0000% 1
Noah HanifinD0001021125:501:0201:3300% 0
Rickard RakellC/LW/RW0000024019:361:0200:0000% 0
Taro HiroseLW000000000:000:0000:0000% 0
BOSTON Bruins
Player Name POS G A P +/- PIM HIT SHT SB MP PP MP PP SHT PK MP PK SHT FO% FOT
Adam BoqvistD0110022220:541:5520:4300% 0
Alex IafalloC/LW0001002011:060:0000:0000% 1
Andre BurakovskyC/LW/RW2021004019:451:5310:2400% 1
Brandon TanevLW/RW000000005:090:0000:0000% 0
Dmitri OrlovD000-1033225:200:5800:0600% 0
Elias PetterssonC1121012019:471:5310:26024% 25
Henri JokiharjuD1012011213:460:0001:1000% 0
Jake DeBruskLW/RW000-1012023:341:0001:0900% 4
Jonathan MarchessaultRW000-1013022:511:0000:26050% 2
Kaapo KakkoRW0111004019:211:5300:0000% 1
Matt DumbaD000-1020225:200:5800:0600% 0
Matt GrzelcykD0222000113:510:0001:1500% 0
Mikael GranlundC/LW000-1002123:341:0001:09044% 27
Rasmus AnderssonD0220023020:491:5520:3800% 0
Ryan Carpenter C/RW0111211111:050:0000:0000% 0
Thomas NovakC0001005016:390:0000:24057% 28
Walker DuehrRW000000000:000:0000:0000% 0
Zachary SenyshynRW000000115:090:0000:0000% 1



Play-by-Play

1st period


0:01 of 1st period - Mikael Granlund wins face-off versus Mikael Backlund in neutral zone.
0:09 of 1st period - Dmitri Orlov is hit by Mikael Backlund.
1:22 of 1st period - Icing by Rasmus Andersson.
1:23 of 1st period - Elias Pettersson wins face-off versus Cody Eakin in BOSTON Bruins zone.
1:36 of 1st period - Shot by Kaapo Kakko.
1:36 of 1st period - Deflect By Andre Burakovsky.
1:36 of 1st period - Stopped by Petr Mrazek with a rebound.
1:50 of 1st period - Shot by Justin Scott.
1:50 of 1st period - Deflect By Cody Eakin.
1:50 of 1st period - Shot Misses the Net.
2:33 of 1st period - Shot by Thomas Novak.
2:33 of 1st period - Stopped by Petr Mrazek without a rebound.
2:34 of 1st period - Morgan Geekie wins face-off versus Thomas Novak in FLORIDA Panthers zone.
2:38 of 1st period - Off-side.
2:39 of 1st period - Mikael Backlund wins face-off versus Zachary Senyshyn in neutral zone.
2:55 of 1st period - Shot by Noah Hanifin.
2:55 of 1st period - Shot Blocked by Zachary Senyshyn.
2:57 of 1st period - Shot by Noah Hanifin.
2:57 of 1st period - Shot Misses the Net.
3:44 of 1st period - Shot by Rickard Rakell.
3:44 of 1st period - Stopped by Jacob Markstrom without a rebound.
3:45 of 1st period - Elias Pettersson wins face-off versus Mark Scheifele in BOSTON Bruins zone.
3:52 of 1st period - Shot by Kiril Kaprizov.
3:52 of 1st period - Stopped by Jacob Markstrom with a rebound.
4:06 of 1st period - Shot by Mark Scheifele.
4:06 of 1st period - Shot Misses the Net.
4:08 of 1st period - Shot by Kiril Kaprizov.
4:08 of 1st period - Stopped by Jacob Markstrom with a rebound.
4:10 of 1st period - Shot by Mark Scheifele.
4:10 of 1st period - Stopped by Jacob Markstrom without a rebound.
4:11 of 1st period - Mikael Granlund wins face-off versus Justin Scott in BOSTON Bruins zone.
4:11 of 1st period - Minor Penalty to Cody Eakin for Tripping.
4:12 of 1st period - Mikael Granlund wins face-off versus Mark Scheifele in FLORIDA Panthers zone.
4:13 of 1st period - Shot by Rasmus Andersson.
4:13 of 1st period - Stopped by Petr Mrazek without a rebound.
4:14 of 1st period - Mark Scheifele wins face-off versus Mikael Granlund in FLORIDA Panthers zone.
5:35 of 1st period - Shot by Adam Boqvist.
5:35 of 1st period - Stopped by Petr Mrazek with a rebound.
5:53 of 1st period - Shot by Rasmus Andersson.
5:53 of 1st period - Shot Misses the Net.
5:55 of 1st period - Shot by Andre Burakovsky.
5:55 of 1st period - Goal by Andre Burakovsky - FLORIDA Panthers : 0 - BOSTON Bruins : 1.
5:56 of 1st period - Morgan Geekie wins face-off versus Thomas Novak in neutral zone.
6:14 of 1st period - Icing by Morgan Geekie.
6:15 of 1st period - Thomas Novak wins face-off versus Morgan Geekie in FLORIDA Panthers zone.
6:31 of 1st period - Dmitri Orlov is hit by Nikita Zadorov and loses puck.
7:10 of 1st period - Icing by Morgan Geekie.
7:11 of 1st period - Morgan Geekie wins face-off versus Mikael Granlund in FLORIDA Panthers zone.
7:11 of 1st period - Morgan Geekie is hit by Jonathan Marchessault.
7:14 of 1st period - Icing by Nikolay Goldobin.
7:15 of 1st period - Michael Bunting wins face-off versus Jake DeBrusk in FLORIDA Panthers zone.
7:22 of 1st period - Icing by Jake DeBrusk.
7:23 of 1st period - Mark Scheifele wins face-off versus Mikael Granlund in BOSTON Bruins zone.
7:25 of 1st period - Kiril Kaprizov is hit by Rasmus Andersson and loses puck.
7:29 of 1st period - Icing by Rasmus Andersson.
7:30 of 1st period - Kiril Kaprizov wins face-off versus Mikael Granlund in BOSTON Bruins zone.
7:30 of 1st period - Kiril Kaprizov is hit by Adam Boqvist.
8:08 of 1st period - Shot by Jonathan Marchessault.
8:08 of 1st period - Shot Blocked by Jared Spurgeon .
8:10 of 1st period - Shot by Mikael Granlund.
8:10 of 1st period - Shot Misses the Net.
9:01 of 1st period - Shot by Kaapo Kakko.
9:01 of 1st period - Shot Misses the Net.
9:03 of 1st period - Shot by Dmitri Orlov.
9:03 of 1st period - Stopped by Petr Mrazek with a rebound.
9:05 of 1st period - Shot by Elias Pettersson.
9:05 of 1st period - Stopped by Petr Mrazek without a rebound.
9:06 of 1st period - Mikael Backlund wins face-off versus Thomas Novak in FLORIDA Panthers zone.
9:08 of 1st period - Icing by Ian Cole.
9:09 of 1st period - Thomas Novak wins face-off versus Carter Verhaeghe in FLORIDA Panthers zone.
10:26 of 1st period - Shot by Justin Scott.
10:26 of 1st period - Shot Blocked by Dmitri Orlov.
10:28 of 1st period - Shot by Cody Eakin.
10:28 of 1st period - Stopped by Jacob Markstrom without a rebound.
10:29 of 1st period - Elias Pettersson wins face-off versus Morgan Geekie in BOSTON Bruins zone.
10:29 of 1st period - Elias Pettersson is hit by Morgan Geekie.
11:24 of 1st period - Shot by Dmitri Orlov.
11:24 of 1st period - Stopped by Petr Mrazek without a rebound.
11:25 of 1st period - Jonathan Marchessault wins face-off versus Cody Eakin in FLORIDA Panthers zone.
11:59 of 1st period - Shot by Dmitri Orlov.
11:59 of 1st period - Shot Misses the Net.
12:20 of 1st period - Off-side.
12:21 of 1st period - Thomas Novak wins face-off versus Mark Scheifele in neutral zone.
12:42 of 1st period - Shot by Thomas Novak.
12:42 of 1st period - Shot Misses the Net.
12:52 of 1st period - Shot by Thomas Novak.
12:52 of 1st period - Stopped by Petr Mrazek without a rebound.
12:53 of 1st period - Mikael Backlund wins face-off versus Elias Pettersson in FLORIDA Panthers zone.
13:08 of 1st period - Shot by Mikael Backlund.
13:08 of 1st period - Stopped by Jacob Markstrom without a rebound.
13:09 of 1st period - Thomas Novak wins face-off versus Mark Scheifele in BOSTON Bruins zone.
13:09 of 1st period - Thomas Novak is hit by Rickard Rakell.
13:12 of 1st period - Zachary Senyshyn is hit by Kiril Kaprizov and loses puck.
13:34 of 1st period - Off-side.
13:35 of 1st period - Justin Scott wins face-off versus Mikael Granlund in neutral zone.
13:52 of 1st period - Shot by Cody Eakin.
13:52 of 1st period - Stopped by Jacob Markstrom without a rebound.
13:53 of 1st period - Mikael Backlund wins face-off versus Elias Pettersson in BOSTON Bruins zone.
13:53 of 1st period - Nikolay Goldobin is hit by Matt Dumba and loses puck.
14:30 of 1st period - Shot by Kaapo Kakko.
14:30 of 1st period - Stopped by Petr Mrazek without a rebound.
14:31 of 1st period - Mark Scheifele wins face-off versus Mikael Granlund in FLORIDA Panthers zone.
14:52 of 1st period - Shot by Ian Cole.
14:52 of 1st period - Stopped by Jacob Markstrom without a rebound.
14:53 of 1st period - Cody Eakin wins face-off versus Thomas Novak in BOSTON Bruins zone.
15:19 of 1st period - Shot by Alex Iafallo.
15:19 of 1st period - Stopped by Petr Mrazek without a rebound.
15:20 of 1st period - Mikael Granlund wins face-off versus Mikael Backlund in FLORIDA Panthers zone.
15:57 of 1st period - Shot by Jake DeBrusk.
15:57 of 1st period - Shot Blocked by Noah Hanifin.
16:03 of 1st period - Shot by Mikael Granlund.
16:03 of 1st period - Stopped by Petr Mrazek without a rebound.
16:04 of 1st period - Mark Scheifele wins face-off versus Elias Pettersson in FLORIDA Panthers zone.
16:41 of 1st period - Shot by Mark Scheifele.
16:41 of 1st period - Shot Misses the Net.
16:56 of 1st period - Icing by Adam Boqvist.
16:57 of 1st period - Cody Eakin wins face-off versus Elias Pettersson in BOSTON Bruins zone.
17:42 of 1st period - Shot by Justin Scott.
17:42 of 1st period - Goal by Justin Scott - FLORIDA Panthers : 1 - BOSTON Bruins : 1.
17:43 of 1st period - Mikael Backlund wins face-off versus Thomas Novak in neutral zone.
17:43 of 1st period - Minor Penalty to Ryan Carpenter for Slashing.
17:44 of 1st period - Mark Scheifele wins face-off versus Mikael Granlund in BOSTON Bruins zone.
18:21 of 1st period - Matt Grzelcyk is hit by Mark Scheifele and loses puck.
Goals for this period are 1 for FLORIDA Panthers vs 1 for BOSTON Bruins.
Shots for this period are 9 for FLORIDA Panthers vs 12 for BOSTON Bruins.

2nd period


0:01 of 2nd period - Mikael Backlund wins face-off versus Mikael Granlund in neutral zone.
1:08 of 2nd period - Shot by Mark Scheifele.
1:08 of 2nd period - Stopped by Jacob Markstrom without a rebound.
1:09 of 2nd period - Mark Scheifele wins face-off versus Elias Pettersson in BOSTON Bruins zone.
1:09 of 2nd period - Mark Scheifele is hit by Adam Boqvist.
2:10 of 2nd period - Shot by Cody Eakin.
2:10 of 2nd period - Stopped by Jacob Markstrom without a rebound.
2:11 of 2nd period - Cody Eakin wins face-off versus Jake DeBrusk in BOSTON Bruins zone.
2:58 of 2nd period - Icing by Mikael Granlund.
2:59 of 2nd period - Mikael Backlund wins face-off versus Mikael Granlund in BOSTON Bruins zone.
3:22 of 2nd period - Shot by Nikolay Goldobin.
3:22 of 2nd period - Shot Misses the Net.
4:06 of 2nd period - Shot by Mark Scheifele.
4:06 of 2nd period - Stopped by Jacob Markstrom without a rebound.
4:07 of 2nd period - Mark Scheifele wins face-off versus Elias Pettersson in BOSTON Bruins zone.
4:28 of 2nd period - Shot by Rasmus Andersson.
4:28 of 2nd period - Stopped by Petr Mrazek without a rebound.
4:29 of 2nd period - Thomas Novak wins face-off versus Cody Eakin in FLORIDA Panthers zone.
4:36 of 2nd period - Shot by Ryan Carpenter .
4:36 of 2nd period - Stopped by Petr Mrazek with a rebound.
4:38 of 2nd period - Shot by Henri Jokiharju.
4:38 of 2nd period - Goal by Henri Jokiharju - FLORIDA Panthers : 1 - BOSTON Bruins : 2.
4:39 of 2nd period - Mark Scheifele wins face-off versus Elias Pettersson in neutral zone.
4:58 of 2nd period - Shot by Kiril Kaprizov.
4:58 of 2nd period - Shot Misses the Net.
5:02 of 2nd period - Shot by Rickard Rakell.
5:02 of 2nd period - Shot Misses the Net.
5:10 of 2nd period - Shot by Kiril Kaprizov.
5:10 of 2nd period - Stopped by Jacob Markstrom without a rebound.
5:11 of 2nd period - Thomas Novak wins face-off versus Mikael Backlund in BOSTON Bruins zone.
5:11 of 2nd period - Thomas Novak is hit by Carter Verhaeghe.
5:48 of 2nd period - Ryan Carpenter is hit by Noah Hanifin and loses puck.
6:07 of 2nd period - Shot by Jonathan Marchessault.
6:07 of 2nd period - Stopped by Petr Mrazek without a rebound.
6:08 of 2nd period - Mark Scheifele wins face-off versus Mikael Granlund in FLORIDA Panthers zone.
6:12 of 2nd period - Rickard Rakell is hit by Matt Dumba and loses puck.
6:37 of 2nd period - Shot by Mikael Granlund.
6:37 of 2nd period - Shot Misses the Net.
6:39 of 2nd period - Shot by Dmitri Orlov.
6:39 of 2nd period - Shot Blocked by Ian Cole.
6:41 of 2nd period - Shot by Dmitri Orlov.
6:41 of 2nd period - Stopped by Petr Mrazek without a rebound.
6:42 of 2nd period - Cody Eakin wins face-off versus Elias Pettersson in FLORIDA Panthers zone.
6:50 of 2nd period - Icing by Rasmus Andersson.
6:51 of 2nd period - Justin Scott wins face-off versus Elias Pettersson in BOSTON Bruins zone.
7:09 of 2nd period - Shot by Andre Burakovsky.
7:09 of 2nd period - Stopped by Petr Mrazek with a rebound.
7:42 of 2nd period - Icing by Barclay Goodrow.
7:43 of 2nd period - Cody Eakin wins face-off versus Mikael Granlund in FLORIDA Panthers zone.
7:48 of 2nd period - Justin Scott is hit by Jake DeBrusk and loses puck.
8:03 of 2nd period - Shot by Mikael Granlund.
8:03 of 2nd period - Shot Blocked by Jacob Trouba.
8:05 of 2nd period - Shot by Jonathan Marchessault.
8:05 of 2nd period - Stopped by Petr Mrazek without a rebound.
8:06 of 2nd period - Carter Verhaeghe wins face-off versus Thomas Novak in FLORIDA Panthers zone.
8:06 of 2nd period - Carter Verhaeghe is hit by Ryan Carpenter .
8:14 of 2nd period - Thomas Novak is hit by Carter Verhaeghe and loses puck.
8:34 of 2nd period - Noah Hanifin is hit by Henri Jokiharju and loses puck.
8:37 of 2nd period - Shot by Nikolay Goldobin.
8:37 of 2nd period - Shot Blocked by Matt Grzelcyk.
8:39 of 2nd period - Shot by Noah Hanifin.
8:39 of 2nd period - Shot Blocked by Henri Jokiharju.
8:41 of 2nd period - Shot by Noah Hanifin.
8:41 of 2nd period - Stopped by Jacob Markstrom without a rebound.
8:42 of 2nd period - Mikael Granlund wins face-off versus Mark Scheifele in BOSTON Bruins zone.
8:46 of 2nd period - Icing by Jake DeBrusk.
8:47 of 2nd period - Mikael Granlund wins face-off versus Mark Scheifele in BOSTON Bruins zone.
8:57 of 2nd period - Off-side.
8:58 of 2nd period - Mikael Backlund wins face-off versus Thomas Novak in neutral zone.
9:15 of 2nd period - Zachary Senyshyn is hit by Noah Hanifin.
9:29 of 2nd period - Shot by Zachary Senyshyn.
9:29 of 2nd period - Stopped by Petr Mrazek without a rebound.
9:30 of 2nd period - Mark Scheifele wins face-off versus Jonathan Marchessault in FLORIDA Panthers zone.
9:39 of 2nd period - Shot by Kiril Kaprizov.
9:39 of 2nd period - Stopped by Jacob Markstrom without a rebound.
9:40 of 2nd period - Mark Scheifele wins face-off versus Elias Pettersson in BOSTON Bruins zone.
9:47 of 2nd period - Shot by Kiril Kaprizov.
9:47 of 2nd period - Shot Misses the Net.
9:49 of 2nd period - Shot by Ian Cole.
9:49 of 2nd period - Stopped by Jacob Markstrom without a rebound.
9:50 of 2nd period - Mikael Granlund wins face-off versus Mikael Backlund in BOSTON Bruins zone.
11:00 of 2nd period - Shot by Mark Scheifele.
11:00 of 2nd period - Stopped by Jacob Markstrom with a rebound.
11:10 of 2nd period - Jake DeBrusk is hit by Rickard Rakell and loses puck.
11:30 of 2nd period - Minor Penalty to Barclay Goodrow for Tripping.
11:31 of 2nd period - Mark Scheifele wins face-off versus Elias Pettersson in FLORIDA Panthers zone.
11:37 of 2nd period - Icing by Elias Pettersson.
11:38 of 2nd period - Mark Scheifele wins face-off versus Elias Pettersson in BOSTON Bruins zone.
11:38 of 2nd period - Mark Scheifele is hit by Rasmus Andersson.
12:15 of 2nd period - Shot by Rasmus Andersson.
12:15 of 2nd period - Shot Misses the Net.
12:17 of 2nd period - Shot by Rasmus Andersson.
12:17 of 2nd period - Stopped by Petr Mrazek without a rebound.
12:18 of 2nd period - Mark Scheifele wins face-off versus Andre Burakovsky in FLORIDA Panthers zone.
12:35 of 2nd period - Shot by Adam Boqvist.
12:35 of 2nd period - Stopped by Petr Mrazek with a rebound.
12:37 of 2nd period - Shot by Elias Pettersson.
12:37 of 2nd period - Shot Misses the Net.
12:39 of 2nd period - Shot by Elias Pettersson.
12:39 of 2nd period - Goal by Elias Pettersson - FLORIDA Panthers : 1 - BOSTON Bruins : 3.
12:40 of 2nd period - Mikael Backlund wins face-off versus Thomas Novak in neutral zone.
12:47 of 2nd period - Icing by Matt Grzelcyk.
12:48 of 2nd period - Thomas Novak wins face-off versus Mikael Backlund in BOSTON Bruins zone.
13:17 of 2nd period - Shot by Mikael Backlund.
13:17 of 2nd period - Shot Misses the Net.
13:19 of 2nd period - Shot by Nikolay Goldobin.
13:19 of 2nd period - Stopped by Jacob Markstrom with a rebound.
13:21 of 2nd period - Shot by Jared Spurgeon .
13:21 of 2nd period - Stopped by Jacob Markstrom without a rebound.
13:22 of 2nd period - Cody Eakin wins face-off versus Mikael Granlund in BOSTON Bruins zone.
13:22 of 2nd period - Mario Ferraro is hit by Dmitri Orlov and loses puck.
13:35 of 2nd period - Shot by Jonathan Marchessault.
13:35 of 2nd period - Shot Blocked by Mario Ferraro.
13:37 of 2nd period - Shot by Jonathan Marchessault.
13:37 of 2nd period - Shot Misses the Net.
13:39 of 2nd period - Shot by Mikael Granlund.
13:39 of 2nd period - Stopped by Petr Mrazek without a rebound.
13:40 of 2nd period - Mark Scheifele wins face-off versus Elias Pettersson in FLORIDA Panthers zone.
14:44 of 2nd period - Shot by Mikael Backlund.
14:44 of 2nd period - Shot Misses the Net.
15:42 of 2nd period - Shot by Mikael Granlund.
15:42 of 2nd period - Shot Blocked by Ian Cole.
15:57 of 2nd period - Off-side.
15:58 of 2nd period - Thomas Novak wins face-off versus Mark Scheifele in neutral zone.
16:19 of 2nd period - Ryan Carpenter is hit by Nikita Zadorov and loses puck.
17:08 of 2nd period - Shot by Justin Scott.
17:08 of 2nd period - Stopped by Jacob Markstrom without a rebound.
17:09 of 2nd period - Elias Pettersson wins face-off versus Mikael Backlund in BOSTON Bruins zone.
17:11 of 2nd period - Icing by Kaapo Kakko.
17:12 of 2nd period - Carter Verhaeghe wins face-off versus Elias Pettersson in BOSTON Bruins zone.
17:41 of 2nd period - Shot by Mikael Backlund.
17:41 of 2nd period - Stopped by Jacob Markstrom with a rebound.
17:43 of 2nd period - Shot by Noah Hanifin.
17:43 of 2nd period - Shot Misses the Net.
17:45 of 2nd period - Shot by Carter Verhaeghe.
17:45 of 2nd period - Shot Misses the Net.
17:57 of 2nd period - Shot by Kaapo Kakko.
17:57 of 2nd period - Stopped by Petr Mrazek without a rebound.
17:58 of 2nd period - Mark Scheifele wins face-off versus Jake DeBrusk in FLORIDA Panthers zone.
18:16 of 2nd period - Icing by Mikael Granlund.
18:17 of 2nd period - Cody Eakin wins face-off versus Mikael Granlund in BOSTON Bruins zone.
18:20 of 2nd period - Shot by Nikita Zadorov.
18:20 of 2nd period - Shot Misses the Net.
18:23 of 2nd period - Icing by Matt Dumba.
18:24 of 2nd period - Mark Scheifele wins face-off versus Mikael Granlund in BOSTON Bruins zone.
18:55 of 2nd period - Shot by Jonathan Marchessault.
18:55 of 2nd period - Shot Misses the Net.
18:57 of 2nd period - Shot by Matt Dumba.
18:57 of 2nd period - Shot Blocked by Mario Ferraro.
18:59 of 2nd period - Shot by Jonathan Marchessault.
18:59 of 2nd period - Shot Blocked by Ian Cole.
19:14 of 2nd period - Off-side.
19:15 of 2nd period - Elias Pettersson wins face-off versus Nikolay Goldobin in neutral zone.
19:15 of 2nd period - Andre Burakovsky is hit by Mikael Backlund and loses puck.
19:54 of 2nd period - Shot by Kaapo Kakko.
19:54 of 2nd period - Stopped by Petr Mrazek without a rebound.
19:55 of 2nd period - Thomas Novak wins face-off versus Cody Eakin in FLORIDA Panthers zone.
Goals for this period are 0 for FLORIDA Panthers vs 2 for BOSTON Bruins.
Shots for this period are 12 for FLORIDA Panthers vs 14 for BOSTON Bruins.

3rd period


0:01 of 3rd period - Mikael Granlund wins face-off versus Mikael Backlund in neutral zone.
0:54 of 3rd period - Shot by Thomas Novak.
0:54 of 3rd period - Stopped by Petr Mrazek without a rebound.
0:55 of 3rd period - Mark Scheifele wins face-off versus Thomas Novak in FLORIDA Panthers zone.
0:57 of 3rd period - Icing by Mario Ferraro.
0:58 of 3rd period - Mark Scheifele wins face-off versus Alex Iafallo in FLORIDA Panthers zone.
1:08 of 3rd period - Off-side.
1:09 of 3rd period - Cody Eakin wins face-off versus Elias Pettersson in neutral zone.
1:32 of 3rd period - Shot by Barclay Goodrow.
1:32 of 3rd period - Shot Blocked by Henri Jokiharju.
1:34 of 3rd period - Shot by Barclay Goodrow.
1:34 of 3rd period - Deflect By Cody Eakin.
1:34 of 3rd period - Stopped by Jacob Markstrom without a rebound.
1:35 of 3rd period - Mikael Granlund wins face-off versus Mark Scheifele in BOSTON Bruins zone.
1:54 of 3rd period - Shot by Kiril Kaprizov.
1:54 of 3rd period - Shot Blocked by Dmitri Orlov.
2:00 of 3rd period - Shot by Rickard Rakell.
2:00 of 3rd period - Stopped by Jacob Markstrom with a rebound.
2:02 of 3rd period - Shot by Mark Scheifele.
2:02 of 3rd period - Shot Misses the Net.
2:17 of 3rd period - Shot by Kiril Kaprizov.
2:17 of 3rd period - Shot Blocked by Mikael Granlund.
2:28 of 3rd period - Icing by Matt Dumba.
2:29 of 3rd period - Mikael Granlund wins face-off versus Mikael Backlund in BOSTON Bruins zone.
2:54 of 3rd period - Shot by Thomas Novak.
2:54 of 3rd period - Stopped by Petr Mrazek without a rebound.
2:55 of 3rd period - Cody Eakin wins face-off versus Elias Pettersson in FLORIDA Panthers zone.
3:19 of 3rd period - Matt Grzelcyk is hit by Nikita Zadorov and loses puck.
3:27 of 3rd period - Icing by Nikita Zadorov.
3:28 of 3rd period - Cody Eakin wins face-off versus Thomas Novak in FLORIDA Panthers zone.
3:35 of 3rd period - Shot by Thomas Novak.
3:35 of 3rd period - Stopped by Petr Mrazek without a rebound.
3:36 of 3rd period - Mikael Backlund wins face-off versus Thomas Novak in FLORIDA Panthers zone.
3:40 of 3rd period - Jared Spurgeon is hit by Dmitri Orlov and loses puck.
4:53 of 3rd period - Off-side.
4:54 of 3rd period - Cody Eakin wins face-off versus Kaapo Kakko in neutral zone.
5:12 of 3rd period - Shot by Kaapo Kakko.
5:12 of 3rd period - Shot Misses the Net.
5:15 of 3rd period - Elias Pettersson is hit by Jacob Trouba.
5:19 of 3rd period - Shot by Andre Burakovsky.
5:19 of 3rd period - Shot Misses the Net.
5:45 of 3rd period - Icing by Jacob Trouba.
5:46 of 3rd period - Cody Eakin wins face-off versus Mikael Granlund in FLORIDA Panthers zone.
6:12 of 3rd period - Shot by Mikael Granlund.
6:12 of 3rd period - Deflect By Jonathan Marchessault.
6:12 of 3rd period - Stopped by Petr Mrazek without a rebound.
6:13 of 3rd period - Thomas Novak wins face-off versus Mikael Backlund in FLORIDA Panthers zone.
7:23 of 3rd period - Shot by Jake DeBrusk.
7:23 of 3rd period - Stopped by Petr Mrazek without a rebound.
7:24 of 3rd period - Mark Scheifele wins face-off versus Elias Pettersson in FLORIDA Panthers zone.
7:59 of 3rd period - Shot by Elias Pettersson.
7:59 of 3rd period - Shot Misses the Net.
9:01 of 3rd period - Shot by Barclay Goodrow.
9:01 of 3rd period - Deflect By Cody Eakin.
9:01 of 3rd period - Shot Misses the Net.
9:03 of 3rd period - Shot by Justin Scott.
9:03 of 3rd period - Shot Blocked by Matt Dumba.
9:05 of 3rd period - Shot by Barclay Goodrow.
9:05 of 3rd period - Shot Misses the Net.
10:22 of 3rd period - Icing by Rasmus Andersson.
10:23 of 3rd period - Mark Scheifele wins face-off versus Thomas Novak in BOSTON Bruins zone.
10:30 of 3rd period - Shot by Mark Scheifele.
10:30 of 3rd period - Shot Misses the Net.
10:54 of 3rd period - Shot by Rickard Rakell.
10:54 of 3rd period - Stopped by Jacob Markstrom without a rebound.
10:55 of 3rd period - Elias Pettersson wins face-off versus Cody Eakin in BOSTON Bruins zone.
11:15 of 3rd period - Andre Burakovsky is hit by Jacob Trouba and loses puck.
11:20 of 3rd period - Shot by Andre Burakovsky.
11:20 of 3rd period - Goal by Andre Burakovsky - FLORIDA Panthers : 1 - BOSTON Bruins : 4.
11:21 of 3rd period - Thomas Novak wins face-off versus Kiril Kaprizov in neutral zone.
12:33 of 3rd period - Andre Burakovsky is hit by Mikael Backlund and loses puck.
12:44 of 3rd period - Jared Spurgeon is hit by Elias Pettersson and loses puck.
13:30 of 3rd period - Icing by Nikita Zadorov.
13:31 of 3rd period - Mikael Granlund wins face-off versus Cody Eakin in FLORIDA Panthers zone.
13:31 of 3rd period - Dmitri Orlov is hit by Nikita Zadorov and loses puck.
14:25 of 3rd period - Off-side.
14:26 of 3rd period - Thomas Novak wins face-off versus Mikael Backlund in neutral zone.
14:55 of 3rd period - Shot by Alex Iafallo.
14:55 of 3rd period - Stopped by Petr Mrazek with a rebound.
15:16 of 3rd period - Icing by Rasmus Andersson.
15:17 of 3rd period - Thomas Novak wins face-off versus Mark Scheifele in BOSTON Bruins zone.
15:31 of 3rd period - Mario Ferraro is hit by Dmitri Orlov and loses puck.
16:46 of 3rd period - Shot by Jake DeBrusk.
16:46 of 3rd period - Shot Blocked by Mario Ferraro.
16:48 of 3rd period - Shot by Jake DeBrusk.
16:48 of 3rd period - Stopped by Petr Mrazek without a rebound.
16:49 of 3rd period - Thomas Novak wins face-off versus Mikael Backlund in FLORIDA Panthers zone.
17:00 of 3rd period - Shot by Carter Verhaeghe.
17:00 of 3rd period - Stopped by Jacob Markstrom without a rebound.
17:01 of 3rd period - Thomas Novak wins face-off versus Cody Eakin in BOSTON Bruins zone.
17:22 of 3rd period - Shot by Justin Scott.
17:22 of 3rd period - Shot Misses the Net.
17:24 of 3rd period - Shot by Jared Spurgeon .
17:24 of 3rd period - Shot Blocked by Adam Boqvist.
17:26 of 3rd period - Shot by Cody Eakin.
17:26 of 3rd period - Deflect By Barclay Goodrow.
17:26 of 3rd period - Stopped by Jacob Markstrom without a rebound.
17:27 of 3rd period - Mikael Backlund wins face-off versus Jake DeBrusk in BOSTON Bruins zone.
17:36 of 3rd period - Shot by Mikael Backlund.
17:36 of 3rd period - Shot Misses the Net.
17:38 of 3rd period - Shot by Nikolay Goldobin.
17:38 of 3rd period - Shot Misses the Net.
17:44 of 3rd period - Shot by Carter Verhaeghe.
17:44 of 3rd period - Stopped by Jacob Markstrom without a rebound.
17:45 of 3rd period - Cody Eakin wins face-off versus Elias Pettersson in BOSTON Bruins zone.
18:04 of 3rd period - Shot by Elias Pettersson.
18:04 of 3rd period - Shot Misses the Net.
18:06 of 3rd period - Shot by Andre Burakovsky.
18:06 of 3rd period - Shot Misses the Net.
18:18 of 3rd period - Shot by Kaapo Kakko.
18:18 of 3rd period - Stopped by Petr Mrazek without a rebound.
18:19 of 3rd period - Mikael Granlund wins face-off versus Carter Verhaeghe in FLORIDA Panthers zone.
18:24 of 3rd period - Shot by Mikael Granlund.
18:24 of 3rd period - Shot Misses the Net.
18:53 of 3rd period - Shot by Carter Verhaeghe.
18:53 of 3rd period - Shot Blocked by Matt Dumba.
18:55 of 3rd period - Shot by Mikael Backlund.
18:55 of 3rd period - Stopped by Jacob Markstrom without a rebound.
18:56 of 3rd period - Thomas Novak wins face-off versus Mark Scheifele in BOSTON Bruins zone.
19:07 of 3rd period - Shot by Rickard Rakell.
19:07 of 3rd period - Deflect By Mark Scheifele.
19:07 of 3rd period - Shot Blocked by Adam Boqvist.
19:21 of 3rd period - Shot by Noah Hanifin.
19:21 of 3rd period - Shot Blocked by Ryan Carpenter .
19:29 of 3rd period - Shot by Rickard Rakell.
19:29 of 3rd period - Shot Misses the Net.
19:31 of 3rd period - Shot by Rickard Rakell.
19:31 of 3rd period - Stopped by Jacob Markstrom without a rebound.
19:32 of 3rd period - Cody Eakin wins face-off versus Elias Pettersson in BOSTON Bruins zone.
Goals for this period are 0 for FLORIDA Panthers vs 1 for BOSTON Bruins.
Shots for this period are 8 for FLORIDA Panthers vs 9 for BOSTON Bruins.